 Dungeon Crawl Stone Soup version 0.32-a0-738-g1a05c61809 (webtiles) character file.

Game seed: 6444265573371978839

7 Descartes the Sneak (level 1, 0/11 HPs)
             Began as a Felid Wanderer on Mar 17, 2024.
             Slain by a giant cockroach (2 damage)
             ... on level 1 of the Dungeon.
             The game lasted 00:00:46 (198 turns).

Descartes the Sneak (Felid Wanderer)                 Turns: 198, Time: 00:00:47

Health: 0/11       AC:  1    Str:  9    XL:     1   Next: 83%
Magic:  3/3        EV: 15    Int: 15    God:
Gold:   13         SH:  0    Dex: 14    Spells: 2/2 levels left
                                        Lives:  0   Deaths: 1

rFire   . . .        (weapon unavailable)
rCold   . . .        (shield unavailable)
rNeg    . . .        (body armour unavailable)
rPois   .            (helmet unavailable)
rElec   .            (cloak unavailable)
rCorr   .            (gloves unavailable)
SInv    +            (boots unavailable)
Will    .....        (no amulet)
Stlth   +++          (no ring)
HPRegen 0.21/turn    (no ring)
MPRegen 0.08/turn

%: no passive effects
@: no status effects
A: very small, claws 1, fangs 3, see invisible, shaggy fur 1, stealthy paws, no
weapons or thrown items, no armour, multi-lived
a: no special abilities


You were on level 1 of the Dungeon.
You visited 1 branch of the dungeon, and saw 1 of its levels.

You collected 13 gold pieces.

Inventory:

Scrolls
 b - a scroll of fog
 d - a scroll of vulnerability {unknown}
Potions
 a - a potion of heal wounds
 c - a potion of might


   Skills:
 - Level 2.0 Fighting
 + Level 2.1 Dodging
 - Level 5.3 Stealth
 + Level 0.9 Unarmed Combat
 - Level 1.0 Spellcasting
 - Level 1.8 Air Magic


You had 2 spell levels left.
You didn't know any spells.
Your spell library contained the following spells:

 Spells                   Type           Power      Damage    Failure   Level
 Apportation              Tloc           0%         N/A       24%         1
 Necrotise                Necr           0%         1d4       24%         1
 Sting                    Conj/Alch      0%         1d3       24%         1
 Summon Small Mammal      Summ           0%         N/A       24%         1
 Mercury Vapours          Alch/Air       6%         N/A       26%         2
 Cigotuvi's Dreadful Rot  Necr/Alch/Air  4%         N/A       28%         2


Dungeon Overview and Level Annotations

Branches:
Dungeon (1/15)

Altars:


Innate Abilities, Weirdness & Mutations

You have sharp claws.
You have razor-sharp teeth.
You have supernaturally acute eyesight. (SInv)
You are covered in fur. (AC +1)
Your paws help you pounce on unaware monsters.
You are incapable of wielding weapons or throwing items.
You cannot wear armour.
You gain extra lives every three experience levels.


Message History

You scratch the quokka but do no damage.
The quokka is severely wounded.
A giant cockroach comes into view.
The quokka bites you but does no damage.
You barely miss the quokka.
The quokka is severely wounded.
The quokka misses you.
A rat comes into view.
The quokka closely misses you.
You barely miss the quokka.
The quokka is severely wounded.
The quokka barely misses you.
You miss the quokka.
The rat squeaks loudly.
Your bite misses the quokka.
The quokka is severely wounded.
The quokka bites you.
* * * LOW HITPOINT WARNING * * *
Unknown command.
You scratch the quokka.
You kill the quokka!
A giant cockroach comes into view.
Your Dodging skill increases to level 2!
The rat attacks as it pursues you! The rat bites you.
* * * LOW HITPOINT WARNING * * *
The rat attacks as it pursues you! The rat barely misses you.
The rat attacks as it pursues you! The rat bites you.
* * * LOW HITPOINT WARNING * * *
The rat attacks as it pursues you! The rat closely misses you.
You scratch the rat.
You kill the rat!
You barely miss the giant cockroach.
You bite the giant cockroach, but do no damage.
The giant cockroach misses you.
You closely miss the giant cockroach. The giant cockroach bites you.
* * * LOW HITPOINT WARNING * * *
You scratch the giant cockroach. Your bite misses the giant cockroach.
The giant cockroach is moderately wounded.
The giant cockroach closely misses you. The giant cockroach bites you.
You die...

.......#....##.#
.....#.#.......#
.....#.).##.####
.....######.# #.#..# #.#
..#..# #.# ##...#### #.#
P#......###.########
P#............†.@Br#
P##..##.####.#####.######
##...##.# #.#####......#
#.#..##.#
#.##....####....
.....##.# #.##.##r# #
......>.# #.##..#.#
..>###### #.......# ...#
## ##......#######
...##.# #.........B...#


You could see a giant cockroach and a rat.

Vanquished Creatures
  2 quokkas (D:1)
  A ball python (D:1)
  2 bats (D:1)
  A frilled lizard (D:1)
  A goblin (D:1)
  A rat (D:1)
8 creatures vanquished.

Notes
Turn   | Place    | Note
-------+----------+-------------------------------------------
     0 | D:1      | Descartes the Felid Wanderer began the quest for the Orb.
     0 | D:1      | Descartes set off with the following items: a potion of
                  | heal wounds, a scroll of fog, a potion of might; and the
                  | following spells available to memorise: Mercury Vapours,
                  | Cigotuvi's Dreadful Rot.
     0 | D:1      | Reached XP level 1. HP: 11/11 MP: 3/3
    46 | D:1      | Slain by a kobold
    46 | D:1      | Lost a life (0 lives remaining)
   198 | D:1      | Slain by a giant cockroach

Illustrated notes

Levels and vault maps discovered:
D:1:      tarquinn_simple_flora_water_e, layout_loops_cross,
          ebering_ecumenical_altar_box

Skill      XL: |  1 |
---------------+----+-----
Dodging        | 2 |  2.1
Fighting       | |  2.0
Stealth        | |  5.3
Unarmed Combat | |  0.9
Spellcasting   | |  1.0
Air Magic      | |  1.8

Action                     || total
---------------------------++-------
  Melee: Unarmed           ||    31
         Bite              ||     3
   Stab: Distracted        ||     1
         Sleeping          ||     1
 Armour: Skin              ||    13
  Dodge: Dodged            ||    26

Table legend: (Time is in decaauts)
 A = Elapsed time spent in this place.
 B = Non-inter-level travel time spent in this place.
 C = Inter-level travel time spent in this place.
 D = Time resting spent in this place.
 E = Time spent auto-exploring this place.
 F = Levels seen in this place.
 G = Mean time per level.
                   A        B        C        D        E       F      G
               +--------+--------+--------+--------+--------+-----+--------+
         Total |    197 |    197 |      0 |      0 |    123 |   1 |  197.0 |
       Dungeon |    197 |    197 |      0 |      0 |    123 |   1 |  197.0 |
               +--------+--------+--------+--------+--------+-----+--------+

Top non-repeatable levels by time:
     D:1: 197 daAuts
